[Event "Titled Tuesday Blitz November 16 2021"]
[White "Matinian, Nikita"]
[Black "Ozen, Bahadir"]
[WhiteFideId "24129100"]
[BlackFideId "6337058"]
[WhiteElo "2422"]
[BlackElo "2503"]
[Result "1-0"]
[Round "10"]
[TimeControl "180+1"]
[Date "2021.11.16"]
[WhiteClock "0:00:12"]
[BlackClock "0:00:02"]

1. e4 c6 2. Nc3 d5 3. Nf3 Bg4 4. h3 Bxf3 5. Qxf3 Nf6 6. g3 e6 7. Bg2 Bb4 8. O-O O-O 9. e5 Nfd7 10. d4 c5 11. a3 Ba5 12. dxc5 Nxe5 13. Qe2 Bxc3 14. bxc3 Nbd7 15. Bf4 Nc4 16. h4 Nxc5 17. h5 h6 18. Rfd1 Qf6 19. Rd4 Rac8 20. a4 e5 21. Rxd5 exf4 22. Qxc4 fxg3 23. fxg3 Ne6 24. Qg4 Qxc3 25. Rf1 Qe3+ 26. Kh1 Rxc2 27. Rd7 Ng5 28. Qd1 Rc5 29. Rd3 Qe5 30. Bxb7 a5 31. Re1 Qc7 32. Bg2 Rc3 33. Kh2 Nh7 34. Re4 Nf6 35. Rh4 Rxd3 36. Qxd3 Rd8 37. Qb5 Rd2 38. Rc4 Qd8 39. Qb7 Ng4+ 40. Rxg4 Qf6 41. Qa8+ Rd8 42. Qe4 Rc8 43. Rf4 Qg5 44. Rf5 Rf8 45. Rxg5 1-0


[Site "https://www.chess.com"]

[Event "Titled Tuesday Blitz November 16 2021"]
[White "Narayanan, Srinath"]
[Black "Filippova, Margarita"]
[WhiteFideId "5018420"]
[BlackFideId "34199680"]
[WhiteElo "2472"]
[BlackElo "1793"]
[Result "1-0"]
[Round "10"]
[TimeControl "180+1"]
[Date "2021.11.16"]
[WhiteClock "0:00:28"]
[BlackClock "0:01:05"]

1. Nf3 d5 2. e3 Nf6 3. c4 c6 4. b3 Nbd7 5. Bb2 e6 6. d4 Be7 7. Nc3 O-O 8. Bd3 Re8 9. O-O Nf8 10. e4 dxe4 11. Nxe4 Nxe4 12. Bxe4 Bf6 13. Qc2 Qc7 14. Rad1 a5 15. a3 a4 16. b4 b6 17. Rfe1 Bb7 18. h4 Rac8 19. Qxa4 Qf4 20. g3 Qc7 21. Qc2 Rcd8 22. c5 bxc5 23. dxc5 Bxb2 24. Qxb2 Rxd1 25. Rxd1 f5 26. Bc2 Ng6 27. h5 Ne7 28. h6 gxh6 29. Rd6 Nd5 30. Qe5 Qf7 31. Nd4 f4 32. Rxe6 Ra8 33. Rxh6 Rxa3 34. Bxh7+ Kf8 35. Ne6+ Ke7 36. Qd6+ 1-0


[Site "https://www.chess.com"]

[Event "Titled Tuesday Blitz November 16 2021"]
[White "Pichot, Alan"]
[Black "Xiong, Jeffery"]
[WhiteFideId "110973"]
[BlackFideId "2047640"]
[WhiteElo "2600"]
[BlackElo "2699"]
[Result "0-1"]
[Round "10"]
[TimeControl "180+1"]
[Date "2021.11.16"]
[WhiteClock "0:00:01"]
[BlackClock "0:00:35"]

1. e4 c6 2. d4 d5 3. e5 Bf5 4. h4 h5 5. Bd3 Bxd3 6. Qxd3 Qa5+ 7. b4 Qa6 8. Qf3 e6 9. c3 Nd7 10. a4 Ne7 11. Ne2 Nf5 12. Bg5 f6 13. exf6 gxf6 14. Bf4 O-O-O 15. Nd2 Re8 16. b5 cxb5 17. O-O Nxh4 18. Qh3 Ng6 19. axb5 Nxf4 20. Nxf4 Qd6 21. Nd3 Kb8 22. Ra2 Rc8 23. Rfa1 Rxc3 24. Rxa7 Nb6 25. Qf3 Be7 26. Nc5 Rxf3 27. Rxb7+ Kc8 28. Nxf3 Qxc5 29. dxc5 Kxb7 30. cxb6 Ra8 31. Rxa8 Kxa8 32. Nd4 e5 33. Nc6 Bc5 34. Kf1 Kb7 35. Nd8+ Kxb6 36. Ne6 Kxb5 37. Ng7 h4 38. Nf5 Kc4 39. Ke2 d4 40. f3 d3+ 41. Kd2 Bb4+ 42. Kd1 Kd5 43. Nxh4 Ke6 44. g4 Kd5 45. Nf5 Bc5 46. Kc1 Kc4 47. Kd1 Kc3 48. Kc1 d2+ 49. Kd1 Kd3 50. Ng3 Be3 51. Ne4 Bg5 52. Nxf6 Bxf6 0-1


[Site "https://www.chess.com"]

[Event "Titled Tuesday Blitz November 16 2021"]
[White "Potapova, Margarita"]
[Black "Leiva, Gianmarco"]
[WhiteFideId "14126869"]
[BlackFideId "3804399"]
[WhiteElo "2247"]
[BlackElo "2318"]
[Result "0-1"]
[Round "10"]
[TimeControl "180+1"]
[Date "2021.11.16"]
[WhiteClock "0:00:08"]
[BlackClock "0:00:09"]

1. d4 Nf6 2. c4 e6 3. Nc3 d5 4. Nf3 a6 5. cxd5 exd5 6. Bg5 Be6 7. Bxf6 Qxf6 8. Qb3 Ra7 9. g3 Qd8 10. h4 c6 11. Ng5 Nd7 12. e4 Qb6 13. exd5 Qxb3 14. axb3 Bxd5 15. Nxd5 cxd5 16. Bg2 h6 17. Nh3 Bb4+ 18. Ke2 Nf6 19. Nf4 O-O 20. Kd3 Rd8 21. Rac1 Raa8 22. Rc7 Bd6 23. Rxb7 Bxf4 24. gxf4 Nh5 25. Bf3 Nxf4+ 26. Kd2 Rab8 27. Rxb8 Rxb8 28. Bd1 a5 29. Re1 Ne6 30. Kc3 Rb4 31. Bf3 Nc7 32. Be2 g5 33. hxg5 hxg5 34. Rg1 Ne6 35. Bf3 Nc7 36. Rxg5+ Kf8 37. Be2 Ke7 38. Rg1 Ne6 39. Rd1 Kd6 40. Bf3 Nc7 41. Be2 Rb8 42. Ra1 Ra8 43. Kd2 Ne6 44. Ke3 Re8 45. Kd2 Nxd4 46. Bd1 Ra8 47. b4 Nc6 48. b5 Nd4 49. b4 a4 50. b6 Kc6 51. Bxa4+ Kxb6 52. Ra2 Nc6 53. b5 Na5 54. Rc2 Rh8 55. Ke2 Rh4 56. Ra2 Re4+ 57. Kf3 Rd4 58. Kg2 Rd3 59. Bd1 Rxd1 60. Re2 Rd4 61. Re7 Rf4 62. Rd7 Rf5 63. Rd6+ Kc5 64. Rd8 Nc4 65. Kg3 Kxb5 66. Kg4 Rxf2 67. Rxd5+ Kc6 68. Rd8 Nd6 69. Ra8 Kd7 70. Kg3 Rf5 71. Ra7+ Ke6 72. Ra6 Rb5 73. Ra8 f5 74. Rh8 Rb3+ 75. Kf2 Rb4 76. Kf1 Kd5 77. Rh3 Ke5 78. Rc3 Ne4 79. Ra3 Rb1+ 80. Ke2 Rb2+ 81. Kf1 Kf4 82. Rd3 Rb1+ 83. Kg2 Rb2+ 84. Kf1 Kg4 85. Kg1 f4 86. Rd8 Kf3 87. Rd3+ Ke2 88. Ra3 f3 89. Kh1 Nf2+ 90. Kh2 Ne4 91. Ra4 Ke3+ 92. Kh3 f2 93. Kg2 Nd2 94. Ra3+ Ke2 95. Rf3 Nxf3 96. Kg3 Nd2 97. Kf4 Rb3 98. Ke5 Re3+ 99. Kd5 f1=Q 100. Kc5 Nf3 101. Kc6 Qd1 102. Kb6 Rc3 103. Kb5 Rc2 104. Ka5 Qb1 105. Ka4 Ra2# 0-1


[Site "https://www.chess.com"]

[Event "Titled Tuesday Blitz November 16 2021"]
[White "Pour Agha Bala, Amirreza"]
[Black "Yanchenko, Roman"]
[WhiteFideId "12572896"]
[BlackFideId "4137329"]
[WhiteElo "2313"]
[BlackElo "2514"]
[Result "1-0"]
[Round "10"]
[TimeControl "180+1"]
[Date "2021.11.16"]
[WhiteClock "0:00:42"]
[BlackClock "0:00:03"]

1. d4 d5 2. c4 c6 3. Nc3 Nf6 4. cxd5 cxd5 5. Bf4 Nc6 6. e3 g6 7. Bb5 Bg7 8. h3 O-O 9. Nf3 Bf5 10. O-O Rc8 11. Rc1 Ne4 12. Qb3 Nxc3 13. bxc3 Na5 14. Qb4 a6 15. Be2 Re8 16. Nd2 Bf8 17. Qb2 b5 18. Rfd1 h5 19. a4 bxa4 20. Qa2 Qd7 21. Bxa6 Ra8 22. Be2 Rec8 23. c4 dxc4 24. Nxc4 Be6 25. Nb6 Bxa2 26. Nxd7 Bb3 27. Rxc8 Rxc8 28. Ra1 Nc4 29. g4 hxg4 30. Bxg4 e6 31. Nxf8 Rxf8 32. Be2 Rc8 33. e4 Kg7 34. f3 Kf6 35. h4 e5 36. Bg5+ Kg7 37. Bxc4 Rxc4 38. dxe5 Rc2 39. Rd1 Rg2+ 40. Kxg2 Bxd1 41. Bc1 Bb3 42. Kf2 Kf8 43. Ke3 Ke7 44. f4 Ke6 45. Kd4 Bc2 46. Ba3 Bb1 47. Bc5 Bc2 48. Ke3 Bb1 49. Bd4 Bc2 50. f5+ gxf5 51. h5 f6 52. h6 1-0


[Site "https://www.chess.com"]

[Event "Titled Tuesday Blitz November 16 2021"]
[White "Preotu, Razvan"]
[Black "Al Hosani, Omran"]
[WhiteFideId "2613280"]
[BlackFideId "9308733"]
[WhiteElo "2407"]
[BlackElo "2259"]
[Result "0-1"]
[Round "10"]
[TimeControl "180+1"]
[Date "2021.11.16"]
[WhiteClock "0:00:25"]
[BlackClock "0:00:17"]

1. e4 c5 2. Nf3 d6 3. d4 cxd4 4. Nxd4 Nf6 5. Nc3 a6 6. Be2 e5 7. Nb3 Be7 8. O-O O-O 9. Be3 Be6 10. Qd3 Nbd7 11. a4 Rc8 12. Rfd1 Qc7 13. Bf3 Rfd8 14. a5 Qc6 15. Rd2 Bc4 16. Nd5 Bf8 17. Qc3 Qb5 18. Qb4 Nxd5 19. Qxb5 axb5 20. exd5 f5 21. Nc1 e4 22. Be2 Nf6 23. Bg5 Be7 24. b3 Bxe2 25. Nxe2 Nxd5 26. Rxd5 Bxg5 27. Rxf5 Bf6 28. Ra2 d5 29. g4 d4 30. Ng3 d3 31. cxd3 exd3 32. Ne4 Rc2 33. Ra1 Bxa1 0-1


[Site "https://www.chess.com"]

[Event "Titled Tuesday Blitz November 16 2021"]
[White "Remizov, Yaroslav"]
[Black "Punin, Andrii"]
[WhiteFideId "34134015"]
[BlackFideId "14112639"]
[WhiteElo "2325"]
[BlackElo "2357"]
[Result "0-1"]
[Round "10"]
[TimeControl "180+1"]
[Date "2021.11.16"]
[WhiteClock "0:00:01"]
[BlackClock "0:00:06"]

1. a3 d5 2. b3 Bf5 3. c3 c6 4. d3 Nf6 5. Ra2 h6 6. e3 Bh7 7. f3 e5 8. g4 Bd6 9. h4 Nfd7 10. Rg2 Qe7 11. e4 Na6 12. g5 hxg5 13. Bxg5 f6 14. Be3 Nc7 15. Ne2 Ne6 16. Ng3 Nf4 17. Rgg1 O-O-O 18. b4 Kb8 19. Nd2 Bc7 20. Nb3 Bb6 21. d4 Ne6 22. Bd3 exd4 23. cxd4 Ne5 24. Be2 Nc4 25. Bxc4 dxc4 26. Nc5 Nxc5 27. bxc5 Bxc5 28. Nh5 Bxa3 29. Rxg7 Qb4+ 30. Kf2 f5 31. Nf6 fxe4 32. Nxh7 exf3 33. Qxf3 Rhe8 34. Qf7 Qb2+ 35. Kg1 Bd6 36. Rh3 c3 37. Nf6 Rxe3 38. Nd7+ Ka8 39. Rxe3 c2 40. Nb6+ Qxb6 41. Re1 Qxd4+ 42. Qf2 Qc3 43. Qf1 Bc5+ 44. Kh1 a6 45. Rc1 Qxg7 46. Rxc2 Rf8 47. Qb1 Qg3 0-1


[Site "https://www.chess.com"]

[Event "Titled Tuesday Blitz November 16 2021"]
[White "Samadov, Read"]
[Black "Sadhwani, Raunak"]
[WhiteFideId "13417444"]
[BlackFideId "35093487"]
[WhiteElo "2084"]
[BlackElo "2517"]
[Result "0-1"]
[Round "10"]
[TimeControl "180+1"]
[Date "2021.11.16"]
[WhiteClock "0:00:06"]
[BlackClock "0:00:08"]

1. d4 Nf6 2. c4 g6 3. Nc3 Bg7 4. e4 d6 5. f4 O-O 6. Nf3 c5 7. d5 e6 8. Be2 exd5 9. cxd5 Bg4 10. e5 dxe5 11. fxe5 Nfd7 12. e6 fxe6 13. O-O Nb6 14. h3 Bxf3 15. Bxf3 Bd4+ 16. Kh1 exd5 17. Bh6 Rf7 18. Nxd5 Nxd5 19. Qb3 c4 20. Qxc4 Nb6 21. Qb3 Nc6 22. Bxc6 Qc7 23. Rxf7 Qxf7 24. Bxb7 Rb8 25. Bf3 Re8 26. Qb4 Bg7 27. Bxg7 Kxg7 28. a4 Nd7 29. Qd4+ Ne5 30. Re1 Qf6 31. Qxa7+ Re7 32. Qd4 Kh6 33. Qe3+ g5 34. a5 Ng6 35. Qf2 Rf7 36. b4 Nh4 37. Qa2 Kg7 38. Re6 Qd4 39. Re4 Qc3 40. Qe2 Nf5 41. Qf2 Qc7 42. Qb2+ Rf6 43. Kg1 Nh4 44. Re6 Nxf3+ 45. gxf3 Qg3+ 46. Kf1 Qxf3+ 47. Ke1 Qf1+ 48. Kd2 Qf2+ 49. Kc3 Qxb2+ 50. Kxb2 Rxe6 51. Kc3 Kf7 52. Kc4 Ke7 53. b5 Kd7 54. Kc5 Kc7 55. a6 Re5+ 0-1


[Site "https://www.chess.com"]

[Event "Titled Tuesday Blitz November 16 2021"]
[White "Sarana, Alexey"]
[Black "Pranav, V"]
[WhiteFideId "24133795"]
[BlackFideId "25060783"]
[WhiteElo "2689"]
[BlackElo "2351"]
[Result "0-1"]
[Round "10"]
[TimeControl "180+1"]
[Date "2021.11.16"]
[WhiteClock "0:00:03"]
[BlackClock "0:00:04"]

1. d4 Nf6 2. c4 e6 3. Nf3 Bb4+ 4. Bd2 c5 5. Bxb4 cxb4 6. e3 O-O 7. Bd3 b6 8. O-O Bb7 9. Nbd2 d6 10. Re1 Nc6 11. Qc2 Rc8 12. Rac1 e5 13. Ne4 g6 14. Qa4 Na5 15. Nxf6+ Qxf6 16. d5 e4 17. Bxe4 Qxb2 18. Bd3 b3 19. axb3 Qxb3 20. Qxb3 Nxb3 21. Rb1 Nc5 22. Be2 Ne4 23. Ra1 a5 24. Rec1 Rc7 25. Nd4 Rfc8 26. Nb5 Rd7 27. f3 Nc5 28. Rcb1 Re8 29. Kf2 f5 30. Nd4 Rde7 31. Ra3 Nd7 32. Nb5 Rb8 33. Nxd6 Ba6 34. Rb2 Kg7 35. f4 Nc5 36. Rxa5 bxa5 37. Rxb8 Rd7 0-1


[Site "https://www.chess.com"]

[Event "Titled Tuesday Blitz November 16 2021"]
[White "Stribuk, Artiom"]
[Black "Triapishko, Alexandr"]
[WhiteFideId "13515659"]
[BlackFideId "14122286"]
[WhiteElo "2224"]
[BlackElo "2479"]
[Result "1/2-1/2"]
[Round "10"]
[TimeControl "180+1"]
[Date "2021.11.16"]
[WhiteClock "0:00:08"]
[BlackClock "0:00:03"]

1. d4 Nf6 2. c4 g6 3. Nf3 Bg7 4. g3 b6 5. Bg2 Bb7 6. O-O O-O 7. d5 Ne4 8. Nbd2 Nc5 9. Nb3 Nba6 10. Nbd4 e6 11. a3 exd5 12. b4 Ne6 13. cxd5 Bxd5 14. Bb2 Bxf3 15. Bxf3 c5 16. Nxe6 dxe6 17. Bxg7 Kxg7 18. Bxa8 Qxa8 19. Qd3 Qb7 20. Rfc1 Rc8 21. h4 h5 22. Rc4 b5 23. Qc3+ Kg8 24. Rf4 cxb4 25. Qb3 e5 26. Rf6 Kg7 27. Rd6 Rc4 28. Qb2 f6 29. Rad1 Rd4 30. R6xd4 exd4 31. axb4 Qe7 32. Qxd4 Nxb4 33. Rb1 a5 34. Qb6 Qxe2 35. Qxa5 Nd3 36. Qa7+ Kh6 37. Qe3+ Qxe3 38. fxe3 b4 39. Kf1 g5 40. Ke2 Ne5 41. Rxb4 Kg6 42. Ra4 Kf5 43. Kf2 Ng4+ 44. Kf3 Ne5+ 45. Ke2 Ng6 46. hxg5 fxg5 47. Ra5+ Ne5 48. Kf2 Ke4 49. Ra4+ Kf5 50. e4+ Kg4 51. Ra5 Nd3+ 52. Kg2 Ne1+ 53. Kf2 Nd3+ 54. Ke3 Nb2 55. Rb5 Nd1+ 56. Kd2 Nf2 57. e5 Kxg3 58. e6 Ne4+ 59. Ke3 Nd6 60. Rxg5+ Kh4 61. Rg1 Kh3 62. Kf4 Kh2 63. Rg5 h4 64. e7 h3 65. Rh5 Kg2 66. Rg5+ Kf2 67. Rg6 Ne8 68. Rh6 Kg2 69. Rg6+ Kf2 70. Ra6 h2 71. Ra2+ Kg1 72. Kg3 h1=N+ 73. Kf3 Nd6 74. Ra1+ Kh2 75. Rb1 Ng3 76. Rb2+ Kh3 77. Rb1 Kh4 78. Rb8 Ngf5 79. e8=Q Nxe8 80. Rxe8 Kg5 81. Ra8 Kf6 82. Ra5 Kg6 83. Kf4 Ng7 84. Ra6+ Kf7 85. Ke5 Nh5 86. Rh6 Ng7 87. Rf6+ Ke7 88. Rf1 Ne6 89. Rh1 Ng7 90. Rf1 Ne6 91. Ra1 Ng7 92. Ra7+ Kf8 93. Kf6 Ne8+ 94. Kg6 Nd6 95. Rd7 Ne8 96. Rf7+ Kg8 97. Re7 Kf8 98. Re6 Nc7 99. Re1 Ne8 100. Re2 Nc7 101. Kf6 Nd5+ 102. Ke6 Nf4+ 103. Kf5 Nxe2 1/2-1/2


[Site "https://www.chess.com"]

[Event "Titled Tuesday Blitz November 16 2021"]
[White "Sviridov, Valery"]
[Black "Tabatabaei, M. Amin"]
[WhiteFideId "4120680"]
[BlackFideId "12521213"]
[WhiteElo "2454"]
[BlackElo "2555"]
[Result "1-0"]
[Round "10"]
[TimeControl "180+1"]
[Date "2021.11.16"]
[WhiteClock "0:01:07"]
[BlackClock "0:00:07"]

1. Nf3 c5 2. g3 Nc6 3. Bg2 e5 4. c4 Nf6 5. Nc3 Be7 6. Kf1 O-O 7. d3 h6 8. h4 d6 9. b3 Be6 10. Bb2 Qd7 11. Nd2 d5 12. cxd5 Nxd5 13. Rc1 Rac8 14. Kg1 b6 15. Kh2 Rfd8 16. Rf1 Nd4 17. Kg1 Bf8 18. Nxd5 Bxd5 19. Bxd5 Qxd5 20. e4 Qe6 21. Nc4 Rd7 22. Ne3 Rcd8 23. Bxd4 Rxd4 24. Rc3 b5 25. Nd5 f5 26. Qe2 g6 27. Rc2 h5 28. Rfc1 R8xd5 29. exd5 Qxd5 30. Re1 Bd6 31. Rd2 Kg7 32. Rdd1 f4 33. Kh2 a6 34. Qf1 f3 35. Qh3 Rg4 36. Qf1 g5 37. hxg5 h4 38. Re4 hxg3+ 39. fxg3 Rxg5 40. Qxf3 Qe6 41. Rf1 Rg6 42. Qf5 Rh6+ 43. Kg2 Qxf5 44. Rxf5 Re6 45. g4 Kg6 46. Kf3 Re8 47. Re1 Rh8 48. Rg1 Rh3+ 49. Ke4 Rh2 50. Kd5 Bc7 51. Kc6 Bd8 52. Rf8 Be7 53. Re8 Bf6 54. g5 Bg7 55. Re6+ Kf5 56. Rd6 Rxa2 57. g6 c4 58. dxc4 bxc4 59. bxc4 Rc2 60. c5 e4 61. Rd7 Bf8 62. Rf7+ 1-0


[Site "https://www.chess.com"]

[Event "Titled Tuesday Blitz November 16 2021"]
[White "Terry, Renato"]
[Black "Saydaliev, Saidakbar"]
[WhiteFideId "3803457"]
[BlackFideId "14203693"]
[WhiteElo "2577"]
[BlackElo "2335"]
[Result "1-0"]
[Round "10"]
[TimeControl "180+1"]
[Date "2021.11.16"]
[WhiteClock "0:00:56"]
[BlackClock "0:00:01"]

1. e4 e5 2. Nf3 Nc6 3. c3 d5 4. Qa4 f6 5. Bb5 Ne7 6. exd5 Qxd5 7. d4 a6 8. Bc4 Qe4+ 9. Be3 exd4 10. cxd4 Be6 11. Nc3 Qg4 12. h3 Qxg2 13. Rg1 Qxf3 14. Bxe6 Nf5 15. Bd5 Qxh3 16. Bxc6+ Kd8 17. Bxb7 Rb8 18. Bg2 Qg4 19. Qc2 Bb4 20. Kf1 Re8 21. Re1 Bd6 22. b3 Nh4 23. Qd1 1-0


[Site "https://www.chess.com"]

[Event "Titled Tuesday Blitz November 16 2021"]
[White "Tsydypov, Zhamsaran"]
[Black "Gelman, Alexander"]
[WhiteFideId "4108566"]
[BlackFideId "4118316"]
[WhiteElo "2614"]
[BlackElo "2375"]
[Result "1-0"]
[Round "10"]
[TimeControl "180+1"]
[Date "2021.11.16"]
[WhiteClock "0:02:01"]
[BlackClock "0:00:56"]

1. e4 c5 2. Nf3 e6 3. d4 cxd4 4. Nxd4 a6 5. c4 d6 6. Nc3 Nf6 7. g4 h6 8. Be3 Bd7 9. f3 Nc6 10. Qd2 Be7 11. O-O-O Nxd4 12. Bxd4 b5 13. h4 Qa5 14. Kb1 Rc8 15. cxb5 axb5 16. Nxb5 Qa4 17. b3 Qa8 18. Bxf6 gxf6 19. Nxd6+ Bxd6 20. Qxd6 Bc6 21. Rc1 Bxe4+ 22. fxe4 1-0


[Site "https://www.chess.com"]

[Event "Titled Tuesday Blitz November 16 2021"]
[White "Yedidia, Daniel"]
[Black "Mikhailovsky, Vladimir"]
[WhiteFideId "30905907"]
[BlackFideId "34105414"]
[WhiteElo "2475"]
[BlackElo "2409"]
[Result "0-1"]
[Round "10"]
[TimeControl "180+1"]
[Date "2021.11.16"]
[WhiteClock "0:00:04"]
[BlackClock "0:00:27"]

1. d4 d6 2. Nf3 Nf6 3. c4 g6 4. Nc3 Bf5 5. g3 Bg7 6. Bg2 Ne4 7. Qb3 Nxc3 8. Qxc3 Be4 9. O-O O-O 10. Qe3 Bc6 11. Bd2 b6 12. Bc3 Nd7 13. Rad1 Nf6 14. d5 Bb7 15. Qd3 c6 16. e4 Nd7 17. Bxg7 Kxg7 18. Qc3+ Kg8 19. e5 cxd5 20. cxd5 Nxe5 21. Nxe5 dxe5 22. Qxe5 Qd6 23. Rfe1 Rfe8 24. h4 Rac8 25. Rd2 Qxe5 26. Rxe5 Ba6 27. Rd4 Bb5 28. Rde4 Kf8 29. a4 f6 30. Re6 Bd7 31. Bh3 Bxe6 32. Bxe6 Rc2 33. b3 Rd8 34. Rf4 Kg7 35. g4 h6 36. Kg2 Rb8 37. Kg3 Rb7 38. f3 Rbc7 39. Rb4 R7c5 40. h5 g5 41. Re4 Rd2 42. Bf5 Kf8 43. Be6 Rcc2 44. Rc4 Rg2+ 45. Kh3 Rh2+ 46. Kg3 Rcg2# 0-1


[Site "https://www.chess.com"]

[Event "Titled Tuesday Blitz November 16 2021"]
[White "Yoo, Christopher Woojin"]
[Black "Zierk, Steven"]
[WhiteFideId "30909694"]
[BlackFideId "2034255"]
[WhiteElo "2105"]
[BlackElo "2494"]
[Result "1-0"]
[Round "10"]
[TimeControl "180+1"]
[Date "2021.11.16"]
[WhiteClock "0:02:36"]
[BlackClock "0:01:48"]

1. e4 c5 2. Nf3 Nc6 3. Nc3 e5 4. Bc4 Be7 5. d3 Nf6 6. Ng5 O-O 7. h4 a6 8. Nd5 d6 9. Nxf6+ Bxf6 10. Qh5 Bxg5 11. hxg5 h6 12. gxh6 Qf6 13. Bg5 g6 14. h7+ 1-0


[Site "https://www.chess.com"]

[Event "Titled Tuesday Blitz November 16 2021"]
[White "Zubov, Alexander"]
[Black "Sjugirov, Sanan"]
[WhiteFideId "14109409"]
[BlackFideId "4189302"]
[WhiteElo "2685"]
[BlackElo "2653"]
[Result "1/2-1/2"]
[Round "10"]
[TimeControl "180+1"]
[Date "2021.11.16"]
[WhiteClock "0:00:03"]
[BlackClock "0:00:04"]

1. d4 Nf6 2. c4 e6 3. Nc3 Bb4 4. e3 O-O 5. Ne2 d5 6. a3 Be7 7. Ng3 c6 8. b3 Nbd7 9. Bb2 Re8 10. Be2 dxc4 11. bxc4 e5 12. d5 cxd5 13. cxd5 a6 14. a4 Nf8 15. O-O Ng6 16. Qb3 Bd6 17. Nce4 Nxe4 18. Nxe4 Bf8 19. Rfd1 Bf5 20. Ng3 Bd7 21. a5 Rb8 22. Ba3 b5 23. Bxf8 Rxf8 24. Ne4 Rc8 25. Qb4 Bf5 26. Ng3 Bd7 27. d6 Be6 28. Rac1 f5 29. h3 Qd7 30. Rc5 Rfd8 31. Bh5 Rxc5 32. Qxc5 Rc8 33. Qb4 Rc4 34. Qb2 Rc5 35. Bxg6 hxg6 36. Qb4 Rc6 37. f4 e4 38. Ne2 Bf7 39. Kh2 Kh7 40. Rd2 Rc4 41. Qb2 Rc6 42. Qe5 b4 43. g4 b3 44. gxf5 gxf5 45. Nd4 Rxd6 46. Rg2 Bg6 47. Qc5 Rd5 48. Qb4 Bf7 49. Qb6 b2 50. Qxb2 Rxa5 51. Qf2 Ra2 52. Qh4+ Kg8 53. Qg5 Rxg2+ 54. Kxg2 Bd5 55. Nxf5 Be6 56. Nd4 Bf7 57. Qe5 Qd5 58. Qb8+ Kh7 59. Qa7 Qa2+ 60. Kg3 Qa3 61. Kf2 Qa2+ 62. Kg3 Qd2 63. Nf5 Qe1+ 64. Kg2 Qe2+ 65. Kg1 Qe1+ 66. Kg2 Qe2+ 67. Kg1 Qe1+ 68. Kg2 1/2-1/2


[Site "https://www.chess.com"]

[Event "Titled Tuesday Blitz November 16 2021"]
[White "Al Hosani, Omran"]
[Black "Le, Tuan Minh"]
[WhiteFideId "9308733"]
[BlackFideId "12401153"]
[WhiteElo "2259"]
[BlackElo "2450"]
[Result "0-1"]
[Round "11"]
[TimeControl "180+1"]
[Date "2021.11.16"]
[WhiteClock "0:00:05"]
[BlackClock "0:00:08"]

1. d4 Nf6 2. c4 Nc6 3. Nf3 e6 4. g3 Bb4+ 5. Bd2 Qe7 6. Bg2 O-O 7. O-O Bxd2 8. Nbxd2 d6 9. Qc2 e5 10. d5 Nb8 11. e4 a5 12. b3 Bg4 13. a3 Na6 14. Qc3 Nc5 15. Qe3 Bh5 16. b4 Ncd7 17. h3 Bg6 18. Rfc1 b6 19. Nh4 Rfb8 20. Nxg6 hxg6 21. Nb3 Qd8 22. Qc3 a4 23. Nd2 Ne8 24. Qd3 g5 25. Nb1 Ndf6 26. Nc3 Qd7 27. Qc2 g6 28. b5 Ra5 29. Qd2 g4 30. h4 Qe7 31. Na2 Raa8 32. Nb4 Qf8 33. Na6 Rb7 34. Qc2 Nd7 35. Qxa4 Nc5 36. Qd1 Nxa6 37. bxa6 Rxa6 38. Qxg4 Rba7 39. Rc3 Qh6 40. Rf3 Ra8 41. Bf1 R6a7 42. Kg2 Kg7 43. Qg5 Qxg5 44. hxg5 f6 45. gxf6+ Nxf6 46. Re3 Nd7 47. f3 Nc5 48. Be2 Ra4 49. Rc3 R4a5 50. Re3 g5 51. Rc3 g4 52. Re3 gxf3+ 53. Bxf3 b5 54. cxb5 Rxb5 55. Rc1 Rb2+ 56. Re2 Rxe2+ 57. Bxe2 Rxa3 58. Bf3 Kf6 59. Rc2 Kg5 60. Rd2 Nd3 61. Be2 Nc5 62. Bf3 Rc3 63. Re2 Nb3 64. Ra2 Nd4 65. Rf2 Re3 66. Rf1 Kg6 67. Rf2 Rc3 68. Bg4 Kg5 69. Bd7 Nc2 70. Kh3 Ne3 71. Rf7 Kg6 72. Be6 Nd1 73. Rf8 Rc2 74. Kg4 Nf2+ 75. Kh4 Kg7 76. Rf7+ Kg6 77. Rf8 Nd3 78. Rg8+ Kf6 79. Rf8+ Kg7 80. Rf7+ Kg6 81. Rf8 Re2 82. Rg8+ Kf6 83. Bf5 Nc5 84. Rg6+ Kf7 85. Kg4 Nxe4 86. Kh5 Rh2+ 87. Kg4 Nf6+ 88. Kf3 e4+ 89. Kf4 Nxd5+ 90. Kxe4 Ne7 91. Be6+ Kxg6 92. g4 Kg5 93. Bf5 Rb2 94. Kd4 Rb4+ 95. Kd3 c5 96. Be6 Rd4+ 97. Kc3 Ng6 98. Bc8 Ne5 99. Be6 Nxg4 0-1


[Site "https://www.chess.com"]

[Event "Titled Tuesday Blitz November 16 2021"]
[White "Andreikin, Dmitry"]
[Black "Sviridov, Valery"]
[WhiteFideId "4158814"]
[BlackFideId "4120680"]
[WhiteElo "2736"]
[BlackElo "2454"]
[Result "1-0"]
[Round "11"]
[TimeControl "180+1"]
[Date "2021.11.16"]
[WhiteClock "0:00:48"]
[BlackClock "0:00:36"]

1. d4 g6 2. e4 Bg7 3. Nf3 d6 4. Bc4 e6 5. O-O Ne7 6. Re1 a6 7. c3 b6 8. Nbd2 Bb7 9. Nf1 d5 10. exd5 Nxd5 11. Bg5 Qc8 12. Ng3 O-O 13. Qd2 Nd7 14. Bh6 c5 15. Nh5 Bh8 16. Bxf8 Qxf8 17. Nf4 Nxf4 18. Qxf4 cxd4 19. cxd4 Bxf3 20. Qxf3 Bxd4 21. Rad1 e5 22. Bxf7+ Kg7 23. Bd5 Qxf3 24. Bxf3 Rf8 25. b4 g5 26. Re2 Nf6 27. Rc1 g4 28. Bb7 a5 29. bxa5 bxa5 30. g3 Kg6 31. Kg2 Rf7 32. Bc8 h5 33. h3 a4 34. hxg4 hxg4 35. Rc6 Kg5 36. a3 Nd5 37. Be6 1-0


[Site "https://www.chess.com"]

[Event "Titled Tuesday Blitz November 16 2021"]
[White "Antipov, Mikhail Al."]
[Black "Nesterov, Arseniy"]
[WhiteFideId "4107012"]
[BlackFideId "24198455"]
[WhiteElo "2587"]
[BlackElo "2489"]
[Result "1-0"]
[Round "11"]
[TimeControl "180+1"]
[Date "2021.11.16"]
[WhiteClock "0:00:03"]
[BlackClock "0:00:06"]

1. e4 e5 2. Nf3 Nc6 3. Bc4 Bc5 4. d3 Nf6 5. O-O d6 6. c3 O-O 7. Re1 a5 8. h3 h6 9. Nbd2 a4 10. Nf1 Bd7 11. Bb5 Ne7 12. Bxd7 Qxd7 13. Ng3 Ng6 14. d4 Bb6 15. Be3 Qb5 16. Qc2 Rfe8 17. c4 Qc6 18. d5 Qd7 19. c5 dxc5 20. Rac1 Nf4 21. Kh2 Qb5 22. Red1 c6 23. d6 Rad8 24. Rd2 Nd7 25. Nf5 Ne6 26. Qd1 Nf6 27. Nxe5 Nxe4 28. Qg4 Nxd2 29. Nxh6+ Kf8 30. Qf5 Re7 31. dxe7+ Kxe7 32. Qxf7+ Kd6 33. Qxb7 Kxe5 34. Nf7+ Ke4 35. Nxd8 Bc7+ 36. Kh1 Qxb7 37. Nxb7 Kd3 38. Nxc5+ Nxc5 39. Rxc5 Nc4 40. Rxc6 Be5 41. b3 axb3 42. axb3 Na5 43. Rc5 Bc3 44. Rb5 Nc6 45. g4 Ne7 46. Kg2 Nc8 47. Rd5+ Ke4 48. Rc5 1-0


[Site "https://www.chess.com"]

[Event "Titled Tuesday Blitz November 16 2021"]
[White "Barbosa, Evandro Amorim"]
[Black "Saydaliev, Saidakbar"]
[WhiteFideId "2115824"]
[BlackFideId "14203693"]
[WhiteElo "2454"]
[BlackElo "2335"]
[Result "1-0"]
[Round "11"]
[TimeControl "180+1"]
[Date "2021.11.16"]
[WhiteClock "0:00:37"]
[BlackClock "0:00:36"]

1. e4 e5 2. Nf3 Nc6 3. Bc4 Bc5 4. d3 d6 5. c3 Qf6 6. Be3 h6 7. Nbd2 Nge7 8. O-O O-O 9. b4 Bb6 10. a4 a6 11. Bxb6 cxb6 12. Re1 Bg4 13. h3 Bd7 14. Nh2 Ng6 15. Ng4 Qd8 16. g3 Rc8 17. h4 Kh7 18. Ne3 Be6 19. Qh5 Nce7 20. Rac1 d5 21. exd5 Nxd5 22. Ne4 Kg8 23. Bxd5 Bxd5 24. Nf5 Bxe4 25. dxe4 Qf6 26. Qg4 Rfd8 27. Red1 Rxd1+ 28. Rxd1 Rxc3 29. Rd6 Qxd6 30. Nxd6 Rc1+ 31. Kg2 Rc7 32. h5 Nf8 33. Ne8 1-0


[Site "https://www.chess.com"]

[Event "Titled Tuesday Blitz November 16 2021"]
[White "Bortnyk, Olexandr"]
[Black "Rozman, Levy"]
[WhiteFideId "14120828"]
[BlackFideId "2039877"]
[WhiteElo "2723"]
[BlackElo "2376"]
[Result "1-0"]
[Round "11"]
[TimeControl "180+1"]
[Date "2021.11.16"]
[WhiteClock "0:02:05"]
[BlackClock "0:01:23"]

1. e4 c6 2. d4 d5 3. Nc3 a6 4. Bf4 dxe4 5. Nxe4 Nf6 6. Nxf6+ gxf6 7. c3 Rg8 8. Qh5 h6 9. Bc4 e6 10. O-O-O b5 11. Bb3 a5 12. Re1 Bd6 13. Bxh6 Rh8 14. Bxe6 Bxe6 15. Rxe6+ Be7 16. Re3 Qd6 17. Bf4 Qxf4 18. Qxh8+ Kd7 19. Nf3 a4 20. Re1 a3 21. b3 Ra7 22. g3 1-0


[Site "https://www.chess.com"]